Map: Glittering Ashes LE

Players

Invux - Winner!

  • Race: Zerg Zerg
  • League: Master
  • Spawn Location: 1:00

Pumba

  • Race: Protoss Protoss
  • League: Master
  • Spawn Location: 7:00

VOD

Have the link to the VOD?

Description

Time

  • Played on: March 29, 2022, 9:14 p.m.
  • Length: 8:57
Show
View Real Time Build Order
Export as new Build Order

Invux Zerg - Winner!

Build Orders: Hatch First 

Get SALT Encoding   

  12  0:00  Drone  
  13  0:12  Overlord  
  13  0:17  Drone  
  14  0:30  Drone x2  
  16  0:48  Hatchery  
  15  0:52  Drone  
  15  0:55  Drone  
  17  1:00  Drone  
  18  1:10  Extractor  
  17  1:15  Spawning Pool  
  17  1:17  Drone  
  17  1:21  Drone  
  18  1:28  Drone  
  19  1:41  Drone  
  20  1:50  Overlord  
  20  2:01  Queen x2  
  20  2:02  Zergling x4  
  26  2:11  Drone x2  
  26  2:13  Metabolic Boost  
  28  2:24  Drone x2  
  30  2:39  Hatchery  
  30  2:40  Overlord  
  30  2:42  Drone  
  30  2:46  Zergling x2  
  30  2:51  Drone  
  32  2:58  Drone x2  
  34  3:01  Queen  
  36  3:07  Zergling x2  
  36  3:08  Zergling x2  
  36  3:09  Queen  
  40  3:16  Drone x3  
  43  3:25  Drone  
  43  3:26  Spore Crawler  
  43  3:29  Drone  
  43  3:36  Overlord x2  
  43  3:50  Queen  
  43  3:53  Overlord  
  43  3:54  Drone x5  
  50  3:58  Queen  
  52  4:03  Drone x3  
  55  4:12  Spore Crawler  
  55  4:14  Spore Crawler  
  53  4:22  Lair  
  53  4:23  Drone x7  
  60  4:25  Extractor  
  59  4:36  Drone x6  
  64  4:40  Roach Warren  
  63  4:49  Spore Crawler, Drone  
  63  4:50  Drone x2  
  65  4:56  Overlord  
  65  4:57  Drone, Overlord  
  65  4:58  Drone x2  
  68  5:02  Pneumatized Carapace  
  68  5:05  Overlord x2  
  68  5:06  Drone  
  69  5:13  Drone x4  
  73  5:15  Extractor  
  72  5:22  Drone x2  
  72  5:25  Drone  
  72  5:26  Drone x3  
  78  5:29  Extractor  
  78  5:30  Glial Reconstitution  
  78  5:34  Zergling x2  
  78  5:35  Zergling x6  
  81  5:39  Overlord  
  81  5:49  Roach x2  
  85  5:52  Roach x4  
  93  6:03  Hatchery  
  92  6:13  Overlord x2  
  92  6:24  Zergling x18  
  101  6:28  Queen x2  
  101  6:32  Hydralisk Den  
  104  6:35  Roach x2  
  104  6:36  Roach x3, Ravager  
  104  6:37  Ravager x3  
  104  6:38  Ravager  
  119  6:42  Zergling x6  
  122  6:52  Zergling x6  
  122  6:53  Ravager  
  126  6:59  Zergling x6  
  127  7:11  Zergling x6  
  125  7:20  Zergling x12  
  125  7:24  Zergling x2  
  124  7:31  Evolution Chamber  
  120  7:43  Zergling x14  
  122  7:47  Zergling x4  
  122  7:50  Zergling x2  
  122  7:51  Zergling x2, Queen x3  
  120  7:59  Infestation Pit  
  120  8:02  Zergling x12  
  120  8:08  Roach x3  
  120  8:09  Queen  
  128  8:17  Overlord  
  128  8:29  Overlord x6  
  126  8:35  Overlord x3  
  126  8:36  Roach x4, Hatchery  
Show
View Real Time Build Order
Export as new Build Order

Pumba Protoss 

Build Orders: 1 Gate Expand, Oracle Opening 

Get SALT Encoding   

  12  0:00  Probe  
  13  0:12  Probe  
  14  0:20  Pylon  
  14  0:25  Probe  
  15  0:38  Probe (Chrono Boost)  
  15  0:41  Gateway  
  16  0:47  Assimilator  
  17  0:50  Probe (Chrono Boost)  
  17  0:56  Probe (Chrono Boost)  
  18  1:04  Probe  
  19  1:16  Probe  
  20  1:25  Nexus  
  20  1:35  Cybernetics Core  
  20  1:37  Probe  
  21  1:42  Assimilator  
  21  1:49  Probe  
  21  1:52  Pylon  
  23  2:01  Probe  
  23  2:08  Adept (Chrono Boost)  
  23  2:13  Probe  
  26  2:17  Stargate  
  26  2:25  Probe  
  26  2:28  Adept (Chrono Boost)  
  27  2:30  Warp Gate  
  29  2:40  Probe (Chrono Boost)  
  29  2:43  Probe (Chrono Boost)  
  33  2:52  Probe (Chrono Boost)  
  33  2:53  Adept, Probe (Chrono Boost)  
  33  2:57  Probe  
  35  3:01  Probe  
  35  3:02  Oracle (Chrono Boost)  
  40  3:09  Probe  
  41  3:14  Probe  
  42  3:22  Probe  
  42  3:24  Pylon  
  42  3:26  Probe  
  43  3:34  Probe  
  44  3:42  Oracle  
  44  3:47  Probe  
  48  3:50  Gateway  
  48  3:54  Nexus  
  48  4:00  Pylon  
  48  4:05  Probe  
  48  4:06  Probe  
  50  4:17  Probe  
  50  4:20  Probe  
  50  4:23  Assimilator  
  52  4:25  Twilight Council, Forge  
  52  4:26  Assimilator  
  52  4:29  Probe  
  53  4:32  Probe  
  54  4:39  Gateway  
  54  4:41  Gateway, Probe  
  54  4:43  Robotics Facility  
  55  4:47  Sentry x2  
  55  4:51  Shield Battery  
  55  4:52  Probe  
  60  4:53  Probe  
  61  5:01  Protoss Ground Weapons Level 1  
  61  5:04  Probe  
  61  5:06  Probe  
  64  5:14  Probe (Chrono Boost)  
  64  5:17  Probe (Chrono Boost)  
  64  5:18  Probe (Chrono Boost)  
  66  5:26  Probe (Chrono Boost)  
  66  5:27  Sentry  
  71  5:29  Probe (Chrono Boost)  
  71  5:30  Probe (Chrono Boost)  
  71  5:34  Probe (Chrono Boost), Assimilator  
  71  5:35  Probe x2 (Chrono Boost)  
  73  5:39  Assimilator  
  73  5:40  Probe  
  75  5:43  Probe  
  75  5:44  Probe  
  77  5:50  Blink  
  77  5:51  Robotics Facility  
  77  5:55  Robotics Bay  
  77  6:02  Pylon  
  77  6:04  Pylon  
  77  6:05  Pylon  
  77  6:08  Pylon  
  77  6:11  Pylon  
  77  6:13  Pylon  
  77  6:17  Pylon  
  77  6:20  Probe x3  
  77  6:21  Observer  
  81  6:32  Probe x2  
  83  6:34  Probe  
  83  6:38  Sentry  
  83  6:39  Sentry  
  88  6:40  Stalker  
  88  6:41  Stalker  
  88  6:42  Colossus (Chrono Boost)  
  88  6:44  Probe  
  105  6:52  Colossus (Chrono Boost)  
  103  7:05  Stalker x4  
  111  7:14  Probe  
  90  7:25  Pylon  
  90  7:27  Pylon  
  90  7:28  Pylon  
  87  7:36  Probe x3  
  88  7:40  Zealot x2  
  86  7:48  Probe x3  
  55  8:00  Probe x3  
  47  8:05  Cybernetics Core  
  47  8:07  Disruptor  
  47  8:12  Probe x2  
  53  8:17  Zealot  
  53  8:18  Zealot x2  
  55  8:24  Probe x2  
  55  8:26  Gateway  
  56  8:29  Gateway  
  56  8:30  Zealot  
  52  8:47  Zealot x2  
Tags
 
Add a new tag
Caveats
  • Supply blocks, unpowered buildings, or Contaminate may cause inaccurate times.
  • Supply counts are checked every 10 seconds.